 Dungeon Crawl Stone Soup version 0.28-a0-657-g71136c5590 (webtiles) character file.

Game seed: 893264910048858082

8798 siradein the Destroyer (level 11, -32/85 HPs)
             Began as a Black Draconian Conjurer on Oct 12, 2021.
             Was an Elder of Kikubaaqudgha.
             Killed from afar by Maurice (36 damage)
             ... with a bolt of acid
             ... on level 10 of the Dungeon on Oct 13, 2021.
             The game lasted 01:24:25 (15651 turns).

siradein the Destroyer (Black Draconian Conjurer)  Turns: 15651, Time: 01:24:28

Health: -32/85     AC: 10    Str: 10    XL:     11   Next: 14%
Magic:  16/23      EV:  6    Int: 21    God:    Kikubaaqudgha [****..]
Gold:   0          SH:  0    Dex: 10    Spells: 6/26 levels left

rFire   . . .      SeeInvis .   x - +4 battleaxe
rCold   . . .      Faith    .   (shield currently unavailable)
rNeg    . . .      Spirit   .   (armour unavailable)
rPois   .          Reflect  .   B - +0 hat {Stlth+}
rElec   +          Harm     .   f - +0 cloak
rCorr   .          Rampage  .   C - +0 pair of gloves
Will    .....                   p - +0 pair of boots
Stlth   +++.......              (no amulet)
HPRegen 0.24/turn               y - +4 ring of protection
MPRegen 0.18/turn               (no ring)

@: marked, corroded, held
A: breathe lightning, AC +7, unfitting armour, electricity resistance,
cold-blooded
a: Breathe Lightning, Renounce Religion, Receive Corpses


You were on level 10 of the Dungeon.
You worshipped Kikubaaqudgha.
Kikubaaqudgha was greatly pleased with you.
You visited 1 branch of the dungeon, and saw 10 of its levels.

Inventory:

Hand Weapons
 x - a +4 battleaxe (weapon)
Missiles
 u - 5 poisoned darts
Armour
 f - a +0 cloak (worn)
 p - a +0 pair of boots (worn)
 t - a +2 buckler
 B - a +0 hat of stealth (worn)
 C - a +0 pair of gloves (worn)
Jewellery
 y - a +4 ring of protection (left hand)
Wands
 v - a wand of iceblast (16)
 z - a wand of paralysis (7)
 A - a wand of charming (5)
 D - a wand of flame (19)
 F - a wand of polymorph (11)
Scrolls
 a - 4 scrolls of amnesia
 b - a scroll of enchant armour {unknown}
 g - a scroll of torment
 h - 3 scrolls of identify
 j - a scroll of summoning
 w - a scroll of magic mapping {unknown}
Potions
 c - 6 potions of heal wounds
 d - a potion of magic {unknown}
 i - 5 potions of attraction {unknown}
 k - 5 potions of curing
 l - 3 potions of brilliance
 m - a potion of cancellation {unknown}
 o - 2 potions of mutation {unknown}
 q - a potion of lignification {unknown}
 r - a potion of flight {unknown}
 s - a potion of haste
 E - a potion of ambrosia {unknown}


   Skills:
 + Level 4.8 Fighting
 - Level 1.7 Dodging
 - Level 1.7 Stealth
 + Level 8.0 Spellcasting
 + Level 9.4 Conjurations
 + Level 7.0 Hexes
 * Level 7.5 Necromancy
 + Level 5.5 Air Magic


You had 6 spell levels left.
You knew the following spells:

 Your Spells              Type           Power      Damage    Failure   Level
a - Magic Dart            Conj           100%       1d8       1%          1
b - Searing Ray           Conj           96%        2d7       1%          2
c - Dazzling Flash        Conj/Hex       86%        N/A       1%          3
d - Fulminant Prism       Conj/Hex       21%        3d13      2%          4
e - Sublimation of Blood  Necr           20%        N/A       1%          2
f - Vampiric Draining     Necr           20%        2d8       1%          3
g - Passwall              Tmut/Erth      6%         N/A       12%         2
h - Mephitic Cloud        Conj/Pois/Air  29%        N/A       3%          3

Your spell library contained the following spells:

 Spells                   Type           Power      Damage    Failure   Level
 Animate Skeleton         Necr           80%        N/A       1%          1
 Pain                     Necr           100%       1d9       1%          1
 Corpse Rot               Necr/Air       N/A        N/A       1%          2
 Tukima's Dance           Hex            37%        N/A       1%          3
 Swiftness                Air            31%        N/A       2%          3
 Poisonous Vapours        Pois/Air       40%        N/A       3%          2
 Dispel Undead            Necr           40%        3d16      3%          4
 Apportation              Tloc           16%        N/A       8%          1
 Summon Small Mammal      Summ           32%        N/A       8%          1
 Excruciating Wounds      Necr           20%        N/A       10%         5
 Flame Wave               Conj/Fire      28%        3d7       11%         4
 Iskenderun's Mystic Bla  Conj/Tloc      28%        2d7       11%         4
 Call Imp                 Summ           8%         N/A       12%         2
 Scorch                   Fire           16%        2d5       12%         2
 Borgnjor's Vile Clutch   Necr/Erth      12%        N/A       43%         5
 Summon Mana Viper        Hex/Summ       23%        N/A       45%         5
 Yara's Violent Unravell  Hex/Tmut       11%        3d6       45%         5
 Death Channel            Necr           20%        N/A       50%         6
 Invisibility             Hex            18%        N/A       56%         6
 Passage of Golubria      Tloc           N/A        N/A       61%         4
 Summon Ice Beast         Ice/Summ       8%         N/A       61%         4
 Alistair's Intoxication  Tmut/Pois      5%         N/A       91%         5
 Simulacrum               Ice/Necr       12%        N/A       95%         6
 Eringya's Noxious Bog    Tmut/Pois      4%         N/A       100%        6
 Summon Cactus Giant      Summ           4%         N/A       100%        6
 Monstrous Menagerie      Summ           4%         N/A       100%        7


Dungeon Overview and Level Annotations

Branches:
Dungeon (10/15)            Temple (0/1) D:6            Lair (0/6) D:9
    Orc: D:9-12

Altars:
Ashenzari
Cheibriados
Dithmenos
Elyvilon
Fedhas
Kikubaaqudgha
Makhleb
Qazlal
Ru
Sif Muna
Xom
Zin
The Shining One
Beogh

Shops:
D:8 =

Annotations:
D:5 2 runed translucent doors
D:6 exclusion: oklob plant
D:10 Harold, Maurice


Innate Abilities, Weirdness & Mutations

You can breathe wild blasts of lightning.
Your glossy black scales are hard. (AC +7)
You cannot fit into any form of body armour.
You are resistant to electric shocks. (rElec)
You are cold-blooded and may be slowed by cold attacks.


Message History

Casting: Mephitic Cloud (mildly dangerous; 3% risk of failure)
Confirm with . or Enter, or press ? or * to list all spells.
Aiming: Searing Ray (safe; 1% risk of failure)
Press: ? - help, Shift-Dir - straight line, f - Harold
Aim: Harold, wielding a +0 vampiric glaive and wearing a +0 chain mail (severely wounded, 92% to hit)
Okay, then.
Casting: Searing Ray (safe; 1% risk of failure)
Confirm with . or Enter, or press ? or * to list all spells.
Aiming: Mephitic Cloud (mildly dangerous; 3% risk of failure)
Press: ? - help, Shift-Dir - straight line, f - Harold
Aim: Harold, wielding a +0 vampiric glaive and wearing a +0 chain mail (severely wounded, chance to affect: 58%)
The ball explodes into a vile cloud!
The stinking cloud engulfs Harold but does no damage.
Harold is severely wounded.
A yak comes into view.
You hear a zap.
A bolt of acid appears from out of thin air!
The bolt of acid hits you!
* * * LOW HITPOINT WARNING * * *
The acid corrodes you!
Harold is engulfed in noxious fumes.
Harold appears confused.
Casting: Mephitic Cloud (mildly dangerous; 3% risk of failure)
Confirm with . or Enter, or press ? or * to list all spells.
Aiming: Searing Ray (safe; 1% risk of failure)
Press: ? - help, Shift-Dir - straight line, f/p - Harold
Aim: Harold, wielding a +0 vampiric glaive and wearing a +0 chain mail (noxious fumes, severely wounded, confused, 98% to hit)
The searing ray hits Harold but does no damage.
Harold is severely wounded. (Press . to maintain the ray.) Harold is engulfed in noxious fumes.
Something hits you.
* * * LOW HITPOINT WARNING * * *
Something steals 621 gold pieces!
You now have 0 gold pieces.
The searing ray hits something!
The searing ray hits Harold.
Harold is severely wounded.
Harold is engulfed in noxious fumes.
Harold appears confused.
You hear a zap.
A bolt of acid appears from out of thin air!
The bolt of acid hits you!!!
You die...
Kikubaaqudgha rasps: "You have failed me!
Welcome... death!"

#######.## ......†...
#+###########.#. .
#.#...........#. ..
#.#.###########.
...######.............#.
..........#.#########.#.
#.................##.#.
#.....@..#........##.#.
...####.{.###########.#.
.........○☼○.........#.
..####...○############.
....Y.@.+ ####.Y..#
#....# ......# ........


You could see Harold (confused) and 2 yaks.

Vanquished Creatures
  Gastronok (D:8)
  Pikel (D:6)
  A troll (D:9)
  Grinder (D:5)
  A hornet (D:8)
  A shadow (D:9)
  4 wyverns
  A basilisk (D:9)
  4 yaks (D:9)
  Edmund (D:4)
  6 water moccasins
  Duvessa (D:5)
  4 orc warriors
  A black bear (D:6)
  A sky beast (D:7)
  2 necrophages
  2 ogres
  3 centaurs
  A phantom (D:6)
  2 gnoll sergeants
  2 kobold brigands (D:8)
  3 scorpions
  A water moccasin zombie (D:6)
  A wyvern skeleton (D:7)
  Dowan (D:5)
  16 killer bees
  9 wights
  A crimson imp (D:9)
  10 jellies
  5 orc priests
  7 hounds
  3 gnoll shamans (D:9)
  2 centaur skeletons
  An iguana (D:5)
  5 orc wizards (D:8)
  A hound zombie (D:5)
  26 gnolls
  A howler monkey skeleton (D:7)
  4 adders
  3 ufetubi
  A worm (D:9)
  3 dart slugs
  40 orcs
  5 bats
  A bat zombie (D:3)
  20 endoplasms
  4 giant cockroaches
  8 goblins
  6 hobgoblins
  9 jackals
  11 kobolds
  2 quokkas (D:2)
  8 ball pythons
  3 frilled lizards
  5 rats
  A rat zombie (D:3)
  A spectral kobold (D:1)
  2 fulminant prisms
271 creatures vanquished.

Vanquished Creatures (others)
  2 bushes (D:9)
  40 fulminant prisms
  11 fungi
  15 plants (D:9)
68 creatures vanquished.

Grand Total: 339 creatures vanquished

Notes
Turn   | Place    | Note
-------+----------+-------------------------------------------
     0 | D:1      | siradein the Draconian Conjurer began the quest for the
                  | Orb.
     0 | D:1      | Reached XP level 1. HP: 14/14 MP: 3/3
    38 | D:1      | Found a faded altar of an unknown god.
   368 | D:1      | Reached XP level 2. HP: 20/20 MP: 1/5
  1011 | D:2      | Reached XP level 3. HP: 14/26 MP: 0/7
  1049 | D:1      | Learned a level 2 spell: Searing Ray
  1053 | D:1      | Learned a level 3 spell: Dazzling Flash
  1592 | D:2      | Reached XP level 4. HP: 33/33 MP: 2/8
  1886 | D:2      | Reached skill level 5 in Conjurations
  3130 | D:3      | Learned a level 4 spell: Fulminant Prism
  3135 | D:3      | Found a broken altar of Ashenzari.
  3344 | D:3      | Reached XP level 5. HP: 38/38 MP: 7/10
  3482 | D:3      | Found an ancient bone altar of Kikubaaqudgha.
  3490 | D:3      | Became a worshipper of Kikubaaqudgha
  3784 | D:4      | Noticed a necrophage
  3793 | D:4      | Killed a necrophage
  3794 | D:4      | Reached skill level 1 in Hexes
  3794 | D:4      | Reached skill level 1 in Necromancy
  3794 | D:4      | Reached XP level 6. HP: 45/45 MP: 1/12
  4011 | D:4      | Found a shimmering blue altar of Sif Muna.
  4135 | D:4      | Noticed Edmund
  4318 | D:4      | Killed Edmund
  4550 | D:4      | Found a blossoming altar of Fedhas.
  5022 | D:5      | Entered Level 5 of the Dungeon
  5033 | D:5      | Reached skill level 6 in Conjurations
  5109 | D:5      | Your scales start taking on a glossy black colour.
  5109 | D:5      | Reached XP level 7. HP: 50/50 MP: 9/13
  5109 | D:5      | Gained mutation: You are resistant to electric shocks.
                  | (rElec) [Black Draconian growth]
  5535 | D:5      | Noticed Grinder
  5541 | D:5      | Paralysed by Grinder for 4 turns
  5556 | D:5      | Killed Grinder
  5557 | D:5      | Reached skill level 5 in Spellcasting
  5757 | D:5      | Reached * piety under Kikubaaqudgha
  5757 | D:5      | Received a gift from Kikubaaqudgha
  5761 | D:5      | Learned a level 2 spell: Sublimation of Blood
  5765 | D:5      | Learned a level 3 spell: Vampiric Draining
  6236 | D:5      | Noticed Duvessa
  6237 | D:5      | Noticed Dowan
  6241 | D:5      | Killed Dowan
  6242 | D:5      | Reached XP level 8. HP: 39/57 MP: 9/15
  6245 | D:5      | Killed Duvessa
  6532 | D:5      | Found a large runed translucent door.
  6539 | D:5      | Found a large runed translucent door.
  6653 | D:6      | Reached skill level 7 in Conjurations
  7201 | D:6      | Found a staircase to the Ecumenical Temple.
  7224 | D:6      | Learned a level 2 spell: Passwall
  7866 | D:6      | Noticed an oklob plant
  7873 | D:6      | Reached skill level 5 in Necromancy
  7876 | D:6      | Reached XP level 9. HP: 49/62 MP: 8/18
  8328 | D:7      | Learned a level 3 spell: Mephitic Cloud
  8631 | D:7      | Noticed Pikel
  8696 | D:6      | Killed Pikel
  8697 | D:6      | Reached skill level 8 in Conjurations
  8697 | D:6      | Reached skill level 5 in Hexes
  9118 | D:7      | Reached skill level 1 in Air Magic
  9130 | D:7      | Reached skill level 1 in Fighting
 10066 | D:8      | Reached ** piety under Kikubaaqudgha
 10467 | D:8      | Found a glowing golden altar of the Shining One.
 10777 | D:8      | Reached XP level 10. HP: 58/74 MP: 3/20
 11693 | D:8      | Found Wery's Jewellery Emporium.
 11808 | D:8      | Found a glowing silver altar of Zin.
 12030 | D:8      | Reached *** piety under Kikubaaqudgha
 12030 | D:8      | Received a gift from Kikubaaqudgha
 12618 | D:9      | Noticed Gastronok
 13210 | D:8      | Killed Gastronok
 13211 | D:8      | Reached skill level 9 in Conjurations
 13417 | D:9      | Upgraded the game from 0.28-a0-655-g4eb62b627b to
                  | 0.28-a0-657-g71136c5590
 13520 | D:9      | Found a sacrificial altar of Ru.
 13680 | D:9      | Found a white marble altar of Elyvilon.
 13901 | D:9      | Paralysed by a hornet for 1 turns
 14095 | D:9      | Found a shadowy altar of Dithmenos.
 14112 | D:9      | Found a staircase to the Lair.
 14119 | D:9      | Identified the +1 chain mail of Sunlight {rN+ Int+4}
 14122 | D:9      | Reached skill level 5 in Air Magic
 14160 | D:9      | Reached XP level 11. HP: 77/85 MP: 0/22
 14562 | D:9      | Found a stormy altar of Qazlal.
 14569 | D:9      | Reached **** piety under Kikubaaqudgha
 14858 | D:9      | Found a snail-covered altar of Cheibriados.
 15174 | D:9      | Found a shimmering altar of Xom.
 15175 | D:9      | Found a burning altar of Makhleb.
 15188 | D:9      | Identified the +6 leather armour "Tizelu" {rF+ rCorr}
 15507 | D:10     | Entered Level 10 of the Dungeon
 15580 | D:10     | Noticed Harold
 15598 | D:10     | Noticed Maurice
 15650 | D:10     | HP: 4/85 [something (1)]
 15651 | D:10     | Killed from afar by Maurice

Illustrated notes

Levels and vault maps discovered:
D:1:      tarquinn_simple_flora_water_b, layout_rooms,
          dreamdust_ecumenical_altar_drowned_temple, minmay_pentomino_t4
D:2:      layout_loops_corners
D:3:      layout_loops_cross, lemuel_zombie_altar_kikubaaqudgha,
          cheibrodos_ashenzari_chains, st_stairs_6,
          minmay_misc_feat_secret_circle, minivault_27
D:4:      layout_loops_ring, amcnicky_altar_gilded, fedhas_altar_1, uniq_edmund
D:5:      layout_basic, jmf_multi_god_temple2, serial_curves, eino_curves_02,
          eino_curves_01, eino_curves_03, uniq_duvessa, uniq_grinder
D:6:      lemuel_slime, layout_basic, minmay_temple_entry_ruins
D:7:      layout_loops_ring, uniq_pikel
D:8:      layout_basic, mainiacjoe_overflow_paths, zin_academy, special_room
          [special_room_orc], kennysheep_small_circle
D:9:      layout_long_grid, grunt_temple_overflow_champion_of_chaos,
          lemuel_tele_altar, slow_altar_1, mainiacjoe_overflow_alcove_2,
          mainiacjoe_overflow_catwalk_spiral, minmay_lair_entry_grove,
          uniq_gastronok
D:10:     lemuel_flame_loot_2, layout_basic, old_standard_altar,
          nzn_life_drinkers, uniq_maurice, uniq_snorg, uniq_harold, uniq_erolcha

Skill      XL: |  1  2  3  4  5  6  7  8  9 10 11 |
---------------+----------------------------------+-----
Spellcasting   | 3 4 5 6 7 8 |  8.0
Conjurations   | 5 6 7 8 9 |  9.4
Hexes          | 1 2 3 4 5 6 7 |  7.0
Necromancy     | 1 2 3 5 6 7 |  7.5
Air Magic      | 2 5 |  5.5
Fighting       | 2 4 |  4.8
Dodging        | |  1.7
Stealth        | |  1.7

Action                   |  1- 3 |  4- 6 |  7- 9 | 10-12 || total
-------------------------+-------+-------+-------+-------++-------
Melee: Unarmed           |    11 |       |       |       ||    11
       Dagger            |     9 |       |       |       ||     9
       Spear             |    10 |       |       |       ||    10
       Flail             |     6 |     1 |     1 |       ||     8
       Tailslap          |     1 |       |     5 |     3 ||     9
       Battleaxe         |       |       |    42 |    30 ||    72
 Fire: Shortbow          |       |       |     4 |       ||     4
 Cast: Magic Dart        |    49 |   107 |    67 |    76 ||   299
       Searing Ray       |     3 |    16 |    51 |    46 ||   116
       Passwall          |       |       |     2 |       ||     2
       Mephitic Cloud    |       |       |    17 |    21 ||    38
       Vampiric Draining |       |       |     8 |    18 ||    26
       Fulminant Prism   |       |       |     6 |    36 ||    42
       Sublimation of Bl |       |       |       |     6 ||     6
 Abil: Breathe Lightning |       |       |     8 |     3 ||    11
  Use: Scroll            |       |     8 |       |     1 ||     9
 Stab: Confused          |       |       |     1 |     1 ||     2
Armor: Skin              |    23 |     9 |    81 |    73 ||   186
Dodge: Dodged            |    24 |    31 |   111 |   109 ||   275

Table legend: (Time is in decaauts)
 A = Elapsed time spent in this place.
 B = Non-inter-level travel time spent in this place.
 C = Inter-level travel time spent in this place.
 D = Time resting spent in this place.
 E = Time spent auto-exploring this place.
 F = Levels seen in this place.
 G = Mean time per level.
                   A        B        C        D        E       F      G
               +--------+--------+--------+--------+--------+-----+--------+
         Total |  15740 |  15313 |    427 |   2132 |  10568 |  10 | 1574.0 |
       Dungeon |  15740 |  15313 |    427 |   2132 |  10568 |  10 | 1574.0 |
               +--------+--------+--------+--------+--------+-----+--------+

Top non-repeatable levels by time:
     D:8: 3012 daAuts
     D:7: 2163 daAuts
     D:9: 1950 daAuts
     D:5: 1703 daAuts
     D:6: 1588 daAuts
     D:2: 1514 daAuts
     D:4: 1338 daAuts
     D:1: 1165 daAuts
     D:3: 1160 daAuts
    D:10: 143 daAuts
